 Dungeon Crawl Stone Soup version 0.30-a0-272-gf98c3da03f (webtiles) character file.

Game seed: 11221485410258568019

5822 Zonian the Nimble (level 11, -1/79 HPs)
             Began as a Djinni Ice Elementalist on Oct 15, 2022.
             Was a Follower of Elyvilon.
             Slain by a shadow (24 damage)
             ... on level 9 of the Dungeon.
             The game lasted 00:21:34 (9919 turns).

Zonian the Nimble (Djinni Ice Elementalist)         Turns: 9919, Time: 00:21:35

Health: -1/79      AC:  6    Str:  7    XL:     11   Next: 7%
Gold:   134        EV: 17    Int: 25    God:    Elyvilon [*.....] SH:  0 Dex: 20

rFire   + + .      SeeInvis .    j - +9 sling of Suusch {venom, rN+ rCorr Dex-2}
rCold   x . .      Faith    .    (no shield)
rNeg    + . .      Spirit   .    I - +2 troll leather armour
rPois   ∞          Reflect  .    (no helmet)
rElec   .          Harm     .    (no cloak)
rCorr   +          Rampage  .    (no gloves)
Will    +....                    (boots unavailable)
Stlth   ++++......               A - amulet of regeneration
HPRegen 1.93/turn                v - +6 ring of dexterity
MPRegen 0.00/turn                E - +6 ring of intelligence

@: flying
A: sickness immunity, fire resistance 2, cold vulnerability 1, float, innate
caster, HP casting, extra vitality 1
a: Renounce Religion, Purification


You were on level 9 of the Dungeon.
You worshipped Elyvilon.
Elyvilon was aware of your devotion.
You visited 2 branches of the dungeon, and saw 10 of its levels.

You collected 560 gold pieces.
You spent 426 gold pieces at shops.

Inventory:

Hand Weapons
 d - a +0 short sword
 j - the +9 sling of Suusch (weapon) {venom, rN+ rCorr Dex-2}
   (You found it on level 2 of the Dungeon)

   Any ammunition fired from it poisons the flesh of those it strikes.
   Dex:       It affects your dexterity (-2).
   rN:        It protects you from negative energy.
   rCorr:     It protects you from acid and corrosion.
 n - a +3 shortbow
 x - a +1 rapier of speed
 z - the +2 rapier "Ecworewal" {freeze, rF+ rN+ rCorr Int-5}
   (You found it on level 6 of the Dungeon)

   It freezes those it strikes, dealing additional cold damage.
   It can also slow down cold-blooded creatures.
   Int:       It affects your intelligence (-5).
   rF:        It protects you from fire.
   rN:        It protects you from negative energy.
   rCorr:     It protects you from acid and corrosion.
 B - a +0 short sword of electrocution
 C - a +0 dagger of venom
 J - a +1 falchion of electrocution
Missiles
 t - 26 poisoned darts
Armour
 a - a +1 robe
 F - a +1 leather armour of cold resistance
 I - a +2 troll leather armour (worn)
Jewellery
 p - the ring of Hoagoits {rC+ rN+ Str+4}
   (You found it on level 2 of the Dungeon)

   [ring of positive energy]

   Str:       It affects your strength (+4).
   rC:        It protects you from cold.
   rN:        It protects you from negative energy.
 s - an amulet of the acrobat
 u - a +6 ring of dexterity
 v - a +6 ring of dexterity (left hand)
 A - an amulet of regeneration (around neck)
 E - a +6 ring of intelligence (right hand)
Wands
 q - a wand of iceblast (9)
 y - a wand of flame (36)
 G - a wand of polymorph (12)
Scrolls
 H - a scroll of identify
Potions
 b - 2 potions of cancellation
 c - a potion of lignification
 e - a potion of resistance {unknown}
 f - 2 potions of mutation
 g - 2 potions of degeneration {unknown}
 h - 4 potions of attraction
 i - 4 potions of curing
 k - a potion of haste {unknown}
 l - 2 potions of heal wounds
 m - 2 potions of might {unknown}
 o - 2 potions of magic
 r - a potion of flight {unknown}
 w - a potion of ambrosia
 D - 2 potions of berserk rage {unknown}


   Skills:
 + Level 7.0 Fighting
 + Level 9.2 Dodging
 + Level 7.7 Stealth
 + Level 7.1 Spellcasting


You couldn't memorise any spells.
You knew the following spells:

 Your Spells              Type           Power      Damage    Failure   Level
a - Freeze                Ice            100%       1d10      1%          1
b - Frozen Ramparts       Ice            88%        1d14      1%          3
c - Ozocubu's Armour      Ice            44%        N/A       1%          3
d - Summon Ice Beast      Ice/Summ       44%        N/A       5%          4
e - Slow                  Hex            100%       N/A       1%          1
f - Static Discharge      Conj/Air       88%        2-6/arc   1%          2
g - Lesser Beckoning      Tloc           88%        N/A       1%          3
h - Animate Dead          Necr           44%        N/A       5%          4
i - Passage of Golubria   Tloc           44%        N/A       5%          4
Your spell library was empty.

Dungeon Overview and Level Annotations

Branches:
Dungeon (9/15)             Temple (1/1) D:7
   Lair: D:8-11         Orc: D:9-12

Altars:
Ashenzari
Cheibriados
Elyvilon
Fedhas
Gozag
Hepliaklqana
Makhleb
Nemelex Xobeh
Okawaru
Qazlal
Ru
Trog
Uskayaw
Wu Jian
Xom
Yredelemnul
Zin
The Shining One

Shops:
D:7 *[=


Innate Abilities, Weirdness & Mutations

You are immune to sickness and miasma.
You are immune to poison.
Your flesh is very heat resistant. (rF++)
You are vulnerable to cold. (rC-)
You float through the air rather than walking.
You learn spells naturally, not from books.
Your magical power is your life essence.
You have superior vitality. (+4 MHP)


Message History

The orc warrior looks as sick as possible!
The orc warrior is severely wounded.
You kill the orc warrior!
The wall freezes something but does no damage. x2
Your Fighting skill increases to level 7!
The frozen ramparts melt away.
The shadow strikes at you from the darkness!
* * * LOW HITPOINT WARNING * * *
Reactivating autopickup.
Fire: j) +9 sling of Suusch {venom, rN+ rCorr Dex-2}
Press: ? - help, Q - select action, (/) - cycle Shift-Dir - straight line, f - shadow
Aim: a shadow (71% to hit)
You shoot a sling bullet. The sling bullet hits the shadow.
The shadow is lightly damaged.
The shadow slips into darkness.
The shadow flickers and vanishes!
Deactivating autopickup; reactivate with Ctrl-A.
You feel much better.
The shadow strikes at you from the darkness!
Reactivating autopickup.
Unknown command.
Casting: Frozen Ramparts (safe; 1% risk of failure)
Confirm with . or Enter, or press ? or * to list all spells.
The shadow is struck by an arc of lightning.
The shadow is moderately damaged.
You are struck by an arc of lightning.
The lightning grounds out.
The shadow slips into darkness.
The shadow flickers and vanishes!
Deactivating autopickup; reactivate with Ctrl-A.
Casting: Static Discharge (safe; 1% risk of failure)
Confirm with . or Enter, or press ? or * to list all spells.
Something is struck by an arc of lightning.
You are struck by an arc of lightning.
Something is struck by an arc of lightning.
You are struck by an arc of lightning.
* * * LOW HITPOINT WARNING * * *
The lightning grounds out.
* * * LOW HITPOINT WARNING * * *
The shadow strikes at you from the darkness!
You die...

#.#..'..#### .... ..$
#.#..'..#### ........##
#.#.##≈.....
#.#.#<#.####...##≈.....
..!...........##≈≈....
#.#.#.#......###≈≈...
..............##≈≈..
.#.#.#)#.#.......#.##≈≈.
.....){@...........###≈≈
.#.#.#.#)#.......#..###≈
...............###.####
#.#.#.#.##.##### #.[...
........#.# ######
#.#.#.#.##.#
#######....# ######


There were no monsters in sight!

Vanquished Creatures
  2 two-headed ogres (D:9)
  Joseph (D:7)
  A troll (D:9)
  A vampire (D:9)
  A wyvern (D:9)
  4 yaks (D:8)
  A steam dragon (D:6)
  Duvessa (D:7)
  A water moccasin (D:6)
  An orc warrior (D:9)
  An ice beast (D:3)
  A black bear (D:6)
  4 centaurs
  4 kobold brigands
  2 bullfrogs (D:8)
  A necrophage (D:4)
  13 wights
  Dowan (D:7)
  9 killer bees
  A howler monkey (D:8)
  3 jellies
  7 orc priests
  An iguana (D:7)
  5 orc wizards
  Robin (D:2)
  3 gnolls (D:2)
  10 adders
  2 white imps
  2 ufetubi
  2 worms
  2 dart slugs
  29 orcs
  8 ball pythons
  12 endoplasms
  A giant cockroach (D:4)
  12 goblins
  6 hobgoblins
  13 jackals
  15 kobolds
  A quokka (D:4)
  4 bats
  5 frilled lizards
  4 rats
199 creatures vanquished.

Vanquished Creatures (others)
  2 kobold zombies (D:7)
  2 orc zombies (D:7)
  5 plants (D:1)
9 creatures vanquished.

Grand Total: 208 creatures vanquished

Notes
Turn   | Place    | Note
-------+----------+-------------------------------------------
     0 | D:1      | Zonian the Djinni Ice Elementalist began the quest for the
                  | Orb.
     0 | D:1      | Zonian set off with the following spells memorised: Freeze,
                  | Frozen Ramparts, Ozocubu's Armour, Summon Ice Beast.
     0 | D:1      | Reached XP level 1. HP: 15/15 MP: 0/0
   245 | D:1      | Reached XP level 2. HP: 12/21 MP: 0/0
   555 | D:1      | Found a faded altar of an unknown god.
   761 | D:1      | Reached XP level 3. HP: 21/25 MP: 0/0
   761 | D:1      | Learned a level 1 spell: Slow
  1203 | D:2      | Identified the +9 sling of Suusch {venom, rN+ rCorr Dex-2}
  1383 | D:2      | Reached skill level 3 in Dodging
  1482 | D:2      | Reached XP level 4. HP: 31/31 MP: 0/0
  1818 | D:2      | Noticed Robin
  1849 | D:2      | Killed Robin
  1850 | D:2      | Reached XP level 5. HP: 31/35 MP: 0/0
  1850 | D:2      | Learned a level 2 spell: Static Discharge
  1885 | D:2      | Identified the ring of Hoagoits {rC+ rN+ Str+4}
  2278 | D:3      | Reached skill level 4 in Dodging
  2278 | D:3      | Reached XP level 6. HP: 32/40 MP: 0/0
  2464 | D:3      | Noticed an ice beast
  2470 | D:3      | Killed an ice beast
  2692 | D:4      | Reached XP level 7. HP: 45/45 MP: 0/0
  2692 | D:4      | Learned a level 3 spell: Lesser Beckoning
  3242 | D:5      | Entered Level 5 of the Dungeon
  3306 | D:5      | Found a snail-covered altar of Cheibriados.
  3320 | D:5      | Reached skill level 5 in Dodging
  3549 | D:5      | Reached skill level 1 in Fighting
  4152 | D:5      | Reached XP level 8. HP: 43/52 MP: 0/0
  4903 | D:6      | Reached skill level 5 in Spellcasting
  5156 | D:6      | Reached skill level 6 in Dodging
  5297 | D:6      | Reached skill level 5 in Stealth
  5333 | D:6      | Identified the +2 rapier "Ecworewal" {freeze, rF+ rN+ rCorr
                  | Int-5}
  5454 | D:7      | Found Qelam's Jewellery Shoppe.
  5458 | D:7      | Bought an amulet of regeneration for 360 gold pieces
  5639 | D:7      | Reached XP level 9. HP: 61/61 MP: 0/0
  5639 | D:7      | Learned a level 4 spell: Animate Dead
  5905 | D:7      | Found Ynagej Kohon's Assorted Antiques.
  5913 | D:7      | Bought a viscous yellow potion for 21 gold pieces
  5913 | D:7      | Bought an inky potion for 21 gold pieces
  6258 | D:7      | Noticed Joseph
  6267 | D:7      | Killed Joseph
  6268 | D:7      | Reached skill level 7 in Dodging
  6422 | D:7      | Found a glowing golden altar of the Shining One.
  6845 | D:7      | Noticed Duvessa
  6846 | D:7      | Noticed Dowan
  6848 | D:7      | Killed Duvessa
  6856 | D:7      | Killed Dowan
  6898 | D:7      | Identified the +3 short sword of Compassion {vorpal, Will-
                  | rCorr Dex+5}
  7010 | D:7      | Found a burning altar of Makhleb.
  7010 | D:7      | Found a sacrificial altar of Ru.
  7032 | D:7      | Found a staircase to the Ecumenical Temple.
  7071 | Temple   | Entered the Ecumenical Temple
  7227 | Temple   | Became a worshipper of Elyvilon the Healer
  7547 | D:7      | Bought a scroll labelled KIANNI BARUGI for 24 gold pieces
  7574 | D:7      | Found Vots's Antique Armour Boutique.
  7820 | D:8      | Reached skill level 5 in Fighting
  8107 | D:8      | Found a bloodstained altar of Trog.
  8107 | D:8      | Found a glowing silver altar of Zin.
  8341 | D:8      | Reached XP level 10. HP: 70/70 MP: 0/0
  8446 | D:8      | Reached skill level 8 in Dodging
  8803 | D:8      | Identified the +6 scimitar of Ralami {vamp, Fly rF- rC+
                  | Will+}
  8974 | D:9      | Noticed a two-headed ogre
  8985 | D:9      | HP: 3/72 [two-headed ogre/+0 giant spiked club (24)]
  8991 | D:9      | Killed a two-headed ogre
  9269 | D:9      | Found an ornate altar of the Wu Jian Council.
  9325 | D:9      | Reached * piety under Elyvilon
  9877 | D:9      | Reached skill level 9 in Dodging
  9903 | D:9      | Noticed a two-headed ogre
  9912 | D:9      | Killed a two-headed ogre
  9913 | D:9      | Reached XP level 11. HP: 49/78 MP: 0/0
  9913 | D:9      | Learned a level 4 spell: Passage of Golubria
  9919 | D:9      | Slain by a shadow

Illustrated notes

Levels and vault maps discovered:
D:1:      spicycebolla_arrival_clurvy, layout_rooms,
          hellmonk_ecumenical_altar_slurped_away, minivault_26, st_stairs_11
D:2:      minmay_razor_zed, layout_loops_ring, uniq_robin
D:3:      layout_rooms, fountainhead, st_stairs_7, bh_walls_and_bars
D:4:      layout_gridville
D:5:      layout_basic, mainiacjoe_overflow_six_doors_small
D:6:      layout_loops_ring
D:7:      layout_basic, gammafunk_temple_overflow_wave,
          overflow_temple_1_default, temple_pool_b, serial_shops,
          nicolae_square_shop, shop, shop, uniq_duvessa, uniq_joseph
D:8:      layout_basic, mainiacjoe_overflow_divided_tiny,
          nicolae_elevator_lobby_plus
D:9:      layout_rooms, kennysheep_mini_moat,
          mainiacjoe_overflow_small_starburst, serial_shops,
          nicolae_square_shop, st_stairs_10, kennysheep_cross_room
Temple:   nicolae_temple_figure_eight

Skill      XL: |  1  2  3  4  5  6  7  8  9 10 11 |
---------------+----------------------------------+-----
Stealth        | 2 3 4 5 6 7 |  7.7
Dodging        | 3 4 5 6 7 9 |  9.2
Spellcasting   | 4 5 6 7 |  7.1
Fighting       | 1 3 5 6 7 |  7.0

Action                   |  1- 3 |  4- 6 |  7- 9 | 10-12 || total
-------------------------+-------+-------+-------+-------++-------
Melee: Unarmed           |     1 |       |       |       ||     1
       Short sword       |    30 |       |       |       ||    30
 Fire: Sling             |     6 |    89 |   221 |   100 ||   416
 Cast: Freeze            |    29 |     1 |       |       ||    30
       Frozen Ramparts   |     1 |       |     3 |     2 ||     6
       Animate Dead      |       |       |     1 |       ||     1
       Static Discharge  |       |       |       |     4 ||     4
       Ozocubu's Armour  |       |       |       |     1 ||     1
  Use: Scroll            |       |     5 |    10 |     2 ||    17
       Potion            |       |       |     1 |     2 ||     3
 Stab: Sleeping          |     1 |       |       |       ||     1
Armor: Robe              |    15 |     5 |     7 |     2 ||    29
       Skin              |       |       |     5 |       ||     5
       Troll leather arm |       |       |       |     5 ||     5
Dodge: Dodged            |    40 |    21 |    69 |    58 ||   188

Table legend: (Time is in decaauts)
 A = Elapsed time spent in this place.
 B = Non-inter-level travel time spent in this place.
 C = Inter-level travel time spent in this place.
 D = Time resting spent in this place.
 E = Time spent auto-exploring this place.
 F = Levels seen in this place.
 G = Mean time per level.
                   A        B        C        D        E       F      G
               +--------+--------+--------+--------+--------+-----+--------+
         Total |  10085 |   9837 |    248 |   4116 |   4385 |  10 | 1008.5 |
       Dungeon |   9882 |   9650 |    232 |   4116 |   4204 |   9 | 1098.0 |
        Temple |    202 |    186 |     16 |      0 |    181 |   1 |  202.0 |
               +--------+--------+--------+--------+--------+-----+--------+

Top non-repeatable levels by time:
     D:7: 2075 daAuts
     D:5: 1332 daAuts
     D:8: 1265 daAuts
     D:1: 1191 daAuts
     D:9: 1026 daAuts
     D:2: 908 daAuts
     D:6: 776 daAuts
     D:3: 753 daAuts
     D:4: 552 daAuts
  Temple: 202 daAuts
